 Dungeon Crawl Stone Soup version 0.24-a0-48-g0ecae65 (webtiles) character file.

Game seed: 3689470346352263921

4238 Aldia the Cleaver (level 10, -6/92 HPs)
             Began as a Deep Dwarf Fighter on Feb 4, 2019.
             Was a Believer of Makhleb.
             Killed by divine providence
             ... invoked by an orc priest
              (11 damage)
             ... on level 9 of the Dungeon.
             The game lasted 00:20:49 (5668 turns).

Aldia the Cleaver (Deep Dwarf Fighter)              Turns: 5668, Time: 00:20:50

Health: -6/92      AC: 17    Str: 23    XL:     10   Next: 9%
Magic:  13/13      EV:  5    Int:  9    God:    Makhleb [**....]
Gold:   512        SH: 11    Dex: 12    Spells: 5/9 levels left

rFire    . . .     SeeInvis .   a - +1 war axe
rCold    . . .     Gourm    .   c - +0 shield
rNeg     . . .     Faith    .   F - +0 plate armour
rPois    .         Spirit   .   C - +0 helmet
rElec    .         Reflect  .   H - +0 cloak
rCorr    .         Harm     .   (no gloves)
MR       +....                  l - +0 pair of boots
Stlth    ..........             (no amulet)
HPRegen  0.00/turn              I - ring of stealth
MPRegen  0.13/turn              (no ring)

@: non-regenerating
A: damage resistance, heal wounds, sense surroundings 2, no regeneration
a: Heal Wounds, Minor Destruction, Renounce Religion


You were on level 9 of the Dungeon.
You worshipped Makhleb.
Makhleb was pleased with you.
You were not hungry.

You visited 2 branches of the dungeon, and saw 10 of its levels.

You collected 512 gold pieces.

Inventory:

Hand Weapons
 a - a +1 war axe (weapon)
 y - a +1 flail of protection
 E - a +3 spear of freezing
 G - a cursed +3 morningstar of freezing
Armour
 b - a +0 scale mail
 c - a +0 shield (worn)
 j - a +3 ring mail
 l - a +0 pair of boots (worn)
 v - the +5 ring mail "Aseffih" {rF- Regen+ Int-4 Dex+8}
   (You found it on level 4 of the Dungeon)

   It affects your intelligence (-4).
   It affects your dexterity (+8).
   It makes you vulnerable to fire.
   It increases your rate of regeneration.
 A - a +0 chain mail
 C - a +0 helmet (worn)
 F - a +0 plate armour (worn)
 H - a +0 cloak (worn)
Jewellery
 I - a ring of stealth (left hand)
Wands
 p - a wand of random effects (16)
 r - a wand of acid (11)
 s - a wand of flame (50)
 z - a wand of scattershot (4)
 D - a wand of polymorph (11)
 N - a wand of iceblast (12)
Scrolls
 e - 8 scrolls of identify
 g - 3 scrolls of teleportation
 h - a scroll of fog
 i - a scroll of enchant weapon
 t - 4 scrolls of remove curse
Potions
 d - 6 potions of might
 k - 2 potions of brilliance
 m - a potion of invisibility {unknown}
 n - 3 potions of heal wounds
 o - 5 potions of flight
 q - a potion of resistance {unknown}
 u - 4 potions of haste
 w - 2 potions of mutation {unknown}
 x - a potion of lignification {unknown}
 B - 2 potions of curing {unknown}
Comestibles
 f - 14 rations
 J - 5 chunks of flesh


   Skills:
 + Level 6.3 Fighting
 * Level 10.0 Axes
 + Level 7.6 Armour
 + Level 7.5 Shields
 + Level 5.5 Invocations


You had 5 spell levels left.
You knew the following spells:

 Your Spells              Type           Power        Failure   Level  Hunger
a - Animate Skeleton      Necr           N/A          100%        1    ##.....
b - Vampiric Draining     Necr           #.........   100%        3    ####...

Your spell library contained the following spells:

 Spells                   Type           Power        Failure   Level  Hunger
 Confusing Touch          Hex            #.....       100%        1    ##.....
 Flame Tongue             Conj/Fire      #....        100%        1    ##.....
 Pain                     Necr           #...         100%        1    ##.....
 Throw Flame              Conj/Fire      #.....       100%        2    ###....
 Confuse                  Hex            #.......     100%        3    ####...
 Conjure Flame            Conj/Fire      #.......     100%        3    ####...
 Gell's Gravitas          Tloc           #.........   100%        3    ####...
 Inner Flame              Hex/Fire       #.......     100%        3    ####...
 Animate Dead             Necr           N/A          100%        4    #####..
 Petrify                  Tmut/Erth      #.......     100%        4    #####..
 Sticky Flame             Conj/Fire      #.......     100%        4    #####..
 Fireball                 Conj/Fire      #.........   100%        5    ######.
 Metabolic Englaciation   Hex/Ice        #.........   100%        5    ######.
 Yara's Violent Unravell  Hex/Tmut       #.........   100%        5    ######.
 Regeneration             Chrm/Necr      Unusable     N/A         3    N/A

Dungeon Overview and Level Annotations

Branches:
Dungeon (9/15)             Temple (1/1) D:5
   Lair: D:8-11         Orc: D:9-12

Altars:
Dithmenos
Elyvilon
Gozag
Makhleb
Nemelex Xobeh
Okawaru
Qazlal
Sif Muna
Trog
Vehumet
Zin

Shops:
D:6 :

Annotations:
D:7 Prince Ribbit


Innate Abilities, Weirdness & Mutations

You are resistant to damage.
You can heal yourself by infusing magical energy.
You passively map the area around you.
You do not regenerate.


Message History

The cyan ugly thing is lightly wounded.
You block the cyan ugly thing's attack. The orc barely misses you.
You hit the cyan ugly thing but do no damage.
The cyan ugly thing is lightly wounded.
The cyan ugly thing punches you. The cyan ugly thing shocks you!
* * * LOW HITPOINT WARNING * * *
The orc hits you but does no damage.
You slash the cyan ugly thing!
The cyan ugly thing is moderately wounded.
You block the cyan ugly thing's attack. The orc hits you but does no damage.
You hit the cyan ugly thing but do no damage.
The cyan ugly thing is moderately wounded.
The cyan ugly thing punches you!
* * * LOW HITPOINT WARNING * * *
The cyan ugly thing shocks you!
* * * LOW HITPOINT WARNING * * *
You block the orc's attack.
The orc priest mumbles some strange prayers to Beogh against you.
Beogh smites you!
You die...

* ** , ,,,,
, !.. ,,, *
* * , .. ,,
* * .o* ,, *
.## # .o# ,
#. #o# , , *
#..*#u# *
*,, ,,
#.##@#.# ,.#
, *
#..#.#.#*..#
, ,
*#...#.##...
,,
###.#......
, #....# * *
, #....# **
,, #....# *
* ,> ..
##....+ ,
... #.....#
#.....#


You could see a cyan ugly thing, an orc priest and 2 orcs.

Vanquished Creatures
  3 centaur zombies
  Psyche (D:8)
  Grinder (D:4)
  A wraith (D:9)
  2 hungry ghosts (D:8)
  Edmund (D:5)
  Duvessa (D:5)
  An orc warrior (D:6)
  A sky beast (D:7)
  An ice beast (D:5)
  2 phantoms
  4 ogres
  3 centaurs
  A crocodile (D:8)
  A big kobold (D:7)
  A bullfrog (D:6)
  2 gnoll sergeants
  Dowan (D:5)
  2 scorpions
  3 howler monkeys
  9 wights (D:7)
  A bullfrog zombie (D:7)
  2 crimson imps
  Crazy Yiuf (D:7)
  2 hounds
  3 orc priests
  2 orc wizards
  A centaur skeleton (D:6)
  2 iguanas
  4 worker ants
  5 gnolls
  6 adders
  An ooze (D:2)
  An adder skeleton (D:8)
  2 worms
  5 dart slugs (D:1)
  2 leopard geckos (D:1)
  18 orcs
  7 giant cockroaches
  13 goblins
  7 hobgoblins
  11 jackals
  A quokka (D:7)
  6 bats
  3 frilled lizards
  9 kobolds
  A quokka zombie (D:5)
  12 rats
170 creatures vanquished.

Vanquished Creatures (others)
  2 fungi (D:9)
2 creatures vanquished.

Grand Total: 172 creatures vanquished

Notes
Turn   | Place    | Note
-------+----------+-------------------------------------------
     0 | D:1      | Aldia the Deep Dwarf Fighter began the quest for the Orb.
     0 | D:1      | Reached XP level 1. HP: 20/20 MP: 1/1
    57 | D:1      | Reached XP level 2. HP: 20/27 MP: 2/2
   190 | D:1      | Reached XP level 3. HP: 28/33 MP: 3/3
   199 | D:1      | Reached skill level 3 in Axes
   650 | D:2      | Noticed a scorpion
   668 | D:2      | Killed a scorpion
   668 | D:2      | Reached XP level 4. HP: 31/42 MP: 4/4
  1474 | D:4      | Got a twisted ring mail
  1485 | D:4      | Identified the +5 ring mail "Aseffih" {rF- Regen+ Int-4
                  | Dex+8} (You found it on level 4 of the Dungeon)
  1554 | D:4      | Reached skill level 4 in Axes
  1554 | D:4      | Reached XP level 5. HP: 34/49 MP: 5/5
  1563 | D:4      | Found a glowing silver altar of Zin.
  1563 | D:4      | Found an opulent altar of Gozag.
  1622 | D:4      | Noticed an ogre
  1629 | D:4      | Killed an ogre
  1720 | D:4      | Noticed Grinder
  1723 | D:4      | Paralysed by Grinder for 7 turns
  1732 | D:4      | Paralysed by Grinder for 6 turns
  1745 | D:4      | Paralysed by Grinder for 5 turns
  1760 | D:4      | Killed Grinder
  1760 | D:4      | Reached skill level 5 in Axes
  1760 | D:4      | Reached XP level 6. HP: 40/57 MP: 5/5
  1892 | D:4      | Reached XP level 7. HP: 44/64 MP: 6/6
  2000 | D:4      | Found a radiant altar of Vehumet.
  2000 | D:4      | Found a deep blue altar of Sif Muna.
  2225 | D:5      | Entered Level 5 of the Dungeon
  2275 | D:5      | Found a staircase to the Ecumenical Temple.
  2281 | Temple   | Entered the Ecumenical Temple
  2361 | Temple   | Became a worshipper of Makhleb the Destroyer
  2453 | D:5      | Noticed Duvessa
  2453 | D:5      | Noticed Dowan
  2465 | D:5      | Killed Dowan
  2465 | D:5      | Reached skill level 5 in Armour
  2465 | D:5      | Reached skill level 5 in Shields
  2474 | D:5      | Killed Duvessa
  2474 | D:5      | Reached skill level 6 in Axes
  2626 | D:5      | Noticed Edmund
  2652 | D:5      | Killed Edmund
  2946 | D:5      | Reached XP level 8. HP: 24/73 MP: 7/7
  3087 | D:5      | Learned a level 1 spell: Animate Skeleton
  3091 | D:5      | Learned a level 3 spell: Vampiric Draining
  3262 | D:6      | Found Edolaaxt's Book Shoppe.
  3313 | D:6      | Reached skill level 7 in Axes
  3313 | D:6      | Reached skill level 1 in Invocations
  3653 | D:6      | Reached skill level 5 in Fighting
  3655 | D:6      | Reached * piety under Makhleb
  3883 | D:7      | Reached skill level 8 in Axes
  4285 | D:7      | Gained mutation: You passively map the area around you.
                  | [Deep Dwarf growth]
  4285 | D:7      | Reached XP level 9. HP: 31/81 MP: 10/10
  4365 | D:7      | Found a runed translucent door.
  4366 | D:7      | Noticed Crazy Yiuf
  4380 | D:7      | Killed Crazy Yiuf
  4517 | D:7      | Noticed Prince Ribbit
  4544 | D:7      | Found a white marble altar of Elyvilon.
  4549 | D:7      | Reached ** piety under Makhleb
  4676 | D:7      | Found a sparkling altar of Nemelex Xobeh.
  4838 | D:8      | Reached skill level 9 in Axes
  5045 | D:8      | Noticed Psyche
  5060 | D:8      | Killed Psyche
  5060 | D:8      | Reached skill level 5 in Invocations
  5390 | D:9      | Noticed a troll
  5578 | D:9      | Reached XP level 10. HP: 49/91 MP: 13/13
  5637 | D:9      | Reached skill level 10 in Axes
  5655 | D:9      | Noticed a cyan ugly thing
  5668 | D:9      | Killed from afar by an orc priest

Vault maps used:
D:1:      mrwooster_arrival_statue, corexii_leaking_fountain
D:4:      cheibrodos_greedy_goblins, grunt_temple_overflow_gold_and_silver,
          gammafunk_temple_overflow_wave, uniq_grinder
D:5:      minmay_temple_entry_gardened_gates, first_ration, uniq_duvessa,
          uniq_edmund
D:6:      serial_shops, shop
D:7:      nemelex_altar_shiori, basic_altar, uniq_crazy_yiuf_cottage,
          uniq_prince_ribbit1
D:8:      uniq_psyche
D:9:      lemuel_doored_altar, old_standard_altar, dpeg_oklobed_lair
Temple:   regret_index_temple_generic_petals

Skill      XL: |  1  2  3  4  5  6  7  8  9 10 |
---------------+-------------------------------+-----
Fighting       | 3 4 5 6 |  6.3
Axes           | 3 4 5 6 8 9 10 | 10.0
Armour         | 4 5 6 7 |  7.6
Shields        | 4 5 6 7 |  7.5
Invocations    | 3 5 |  5.5

Action                   |  1- 3 |  4- 6 |  7- 9 | 10-12 || total
-------------------------+-------+-------+-------+-------++-------
Melee: War axe           |    93 |   126 |   475 |    32 ||   726
       Unarmed           |       |       |    10 |       ||    10
Invok: Minor Destruction |       |       |     4 |       ||     4
 Abil: Heal Wounds       |     1 |     3 |     9 |       ||    13
  Use: Scroll            |       |     1 |    14 |       ||    15
  Eat: Chunk             |       |     4 |    17 |     1 ||    22
       Ration            |       |       |     1 |       ||     1
Armor: Scale mail        |    20 |       |       |       ||    20
       Ring mail         |    34 |    50 |    31 |       ||   115
       Plate armour      |       |       |   165 |    11 ||   176
       Chain mail        |       |       |    18 |       ||    18
Dodge: Dodged            |    44 |    52 |   108 |     3 ||   207
Block: Shield            |    78 |    55 |   269 |    14 ||   416

Table legend:
 A = Non-vault XP
 B = Vault XP
 C = Vault XP percentage of total XP
 D = Non-vault monster count
 E = Vault monster count
 F = Vault count percentage of total count
                 A         B        C        D         E       F
            +---------+---------+-------+---------+---------+-------
      Total |    4919 |    1136 |  18.8 |     154 |      16 |   9.4
            +---------+---------+-------+---------+---------+-------
        D:1 |      65 |       0 |   0.0 |      33 |       0 |   0.0
        D:2 |      97 |       0 |   0.0 |      11 |       0 |   0.0
        D:3 |      11 |       0 |   0.0 |       7 |       0 |   0.0
        D:4 |     316 |     289 |  47.8 |       9 |      11 |  55.0
        D:5 |     380 |     373 |  49.5 |      11 |       3 |  21.4
        D:6 |     620 |       0 |   0.0 |      22 |       0 |   0.0
        D:7 |    1051 |      40 |   3.7 |      24 |       1 |   4.0
        D:8 |    1518 |     434 |  22.2 |      23 |       1 |   4.2
        D:9 |     861 |       0 |   0.0 |      14 |       0 |   0.0
            +---------+---------+-------+---------+---------+-------
